AoeStats
← Dad16456

Nomad

510627253Analyzed
2v2 RM · 1d ago on Oct 1, 2026· 39m 53s· 4 players
Game mode
Random Map
Map size
176×176
Population
200
Speed
Normal
Resources
Standard
Victory
Conquest
Starting age
Dark Age
Ending age
Imperial Age
RankedLock teamsTeams togetherTeam positionsShared explorationLock speedFull tech treeHidden civsTurbo modeCheats
Victory
Defeat
🇨🇴 Celts · Colombia
778
+18
🇺🇸 Spanish · United States
738
+19
🇬🇧 Khmer · United Kingdom
837
-19
🇦🇷 Slavs · Argentina
793
-18
MeisolMLG
2:51 Loom
6:35 Loom
14:35 Feudal Age
15:17 Double-Bit Axe
15:21 Horse Collar
16:36 Wheelbarrow
20:17 Castle Age
18:18 Fishing Lines
20:50 Gillnets
23:17 Bow Saw
23:48 Gold Mining
26:29 Forging
26:19 Scale Mail Armor
26:09 Fletching
26:19 Padded Archer Armor
31:33 Imperial Age
30:56 Pikeman
33:08 Iron Casting
32:57 Hand Cart
32:27 Town Watch
35:41 Stronghold
35:33 Onager
36:45 Heavy Scorpion
40:02 Leather Archer Armor
39:42 Bodkin Arrow
40:48 Blast Furnace
40:03 Chain Mail Armor
Leuthifur
13:59 Feudal Age
12:36 Loom
15:04 Horse Collar
15:12 Double-Bit Axe
16:32 Arson
17:28 Town Watch
17:41 Fishing Lines
18:54 Gold Mining
20:36 Wheelbarrow
20:34 Scale Mail Armor
20:45 Forging
20:26 Fletching
24:20 Castle Age
23:29 Fletching
25:37 Bodkin Arrow
25:58 Chain Mail Armor
29:06 Bow Saw
34:09 Scale Barding Armor
36:54 Imperial Age
35:12 Stone Mining
36:23 Sanctity
36:14 Redemption
38:31 Conscription
Dad16456
12:57 Feudal Age
14:15 Wheelbarrow
13:34 Double-Bit Axe
17:23 Loom
20:47 Castle Age
22:45 Hand Cart
23:30 Town Watch
33:16 Light Cavalry
34:06 Bloodlines
BenitoCamela
12:35 Feudal Age
14:22 Wheelbarrow
14:09 Double-Bit Axe
16:50 Fishing Lines
21:22 Castle Age
20:24 Stone Mining
22:23 Hand Cart
22:21 Bow Saw
27:12 Squires
26:32 Pikeman
27:52 Fletching
28:10 Town Watch
28:59 Detinets
30:47 Town Patrol
30:52 Bodkin Arrow
32:23 Horse Collar
33:19 Heavy Plow
34:18 Murder Holes
35:17 Ballistics
40:02 Imperial Age
38:05 Forging
37:56 Scale Mail Armor
40:11 Iron Casting
39:51 Chain Mail Armor
40:11 Devotion
Connection lost

Rejoining the realm…

Still unreachable

The connection could not be restored.

Session expired

The server has moved on; the page needs a fresh start.